 Dungeon Crawl Stone Soup version 0.27.1-1-g398f81649c (webtiles) character file.

Game seed: 13377095051959605479

159 acemry the Sneak (level 5, -1/33 HPs)
             Began as an Octopode Transmuter on Sept 6, 2021.
             Slain by a killer bee zombie (6 damage)
             ... on level 4 of the Dungeon.
             The game lasted 00:07:18 (3038 turns).

acemry the Sneak (Octopode Transmuter)              Turns: 3038, Time: 00:07:18

Health: -1/33      AC:  1    Str:  9    XL:     5   Next: 40%
Magic:  8/8        EV: 13    Int: 16    God:
Gold:   154        SH:  0    Dex: 19    Spells: 7/8 levels left

rFire    . . .     SeeInvis .   g - +3 dagger
rCold    . . .     Faith    .   (no shield)
rNeg     . . .     Spirit   .   (helmet restricted)
rPois    .         Reflect  .   (no amulet)
rElec    .         Harm     .   a - +6 ring of dexterity
rCorr    .         Rampage  .   (no ring)
Will     .....                  (no ring)
Stlth    ++++......             (no ring)
HPRegen  0.11/turn              (no ring)
MPRegen  0.11/turn              (no ring)
                                (no ring)
                                (no ring)

@: no status effects
A: almost no armour, amphibious, 8 rings, camouflage 1, gelatinous body 1,
(nimble swimmer 1), tentacles
a: no special abilities


You were on level 4 of the Dungeon.
You visited 1 branch of the dungeon, and saw 4 of its levels.

You collected 154 gold pieces.

Inventory:

Hand Weapons
 g - a +3 dagger (weapon)
 l - a +0 short sword of freezing
Missiles
 b - 2 throwing nets
 e - 29 poisoned darts
Magical Staves
 h - a staff of conjuration
Jewellery
 a - a +6 ring of dexterity (left tentacle)
 f - a +4 ring of protection
Wands
 n - a wand of mindburst (18)
Potions
 c - a potion of might
 d - a potion of attraction {unknown}
 j - 2 potions of flight
 k - a potion of lignification {unknown}
 o - a potion of invisibility {unknown}
 p - a potion of haste {unknown}


   Skills:
 - Level 1.0 Fighting
 - Level 2.0 Dodging
 * Level 5.6 Stealth
 - Level 3.0 Unarmed Combat
 - Level 2.0 Spellcasting
 + Level 3.6 Transmutations


You had 7 spell levels left.
You knew the following spells:

 Your Spells              Type           Power      Damage    Failure   Level
a - Beastly Appendage     Tmut           26%        N/A       4%          1

Your spell library contained the following spells:

 Spells                   Type           Power      Damage    Failure   Level
 Wereblood                Tmut           13%        N/A       7%          2
 Sting                    Tmut/Pois      28%        1d4       10%         1
 Spider Form              Tmut/Pois      3%         N/A       30%         3
 Ignite Poison            Fire/Tmut/Pois 5%         N/A       36%         3
 Conjure Flame            Conj/Fire      1%         6-21      52%         3
 Ice Form                 Ice/Tmut       7%         N/A       69%         4
 Sticky Flame             Conj/Fire      1%         2d3       90%         4


Dungeon Overview and Level Annotations

Branches:
Dungeon (4/15)
 Temple: D:4-7

Altars:
Sif Muna

Shops:
D:2 (


Innate Abilities, Weirdness & Mutations

You cannot wear most types of armour.
You are amphibious.
You can wear up to eight rings at the same time.
Your skin changes colour to match your surroundings (Stealth+).
Your rubbery body absorbs attacks. (AC +1, EV +1)
((You are camouflaged near water. (Stealth+)))
You have tentacles for arms and can constrict up to eight enemies at once.


Message History

The orc wizard closely misses you.
You hit the orc wizard.
You kill the orc wizard!
You pick up Sif Muna's Grimoire of Intoxication and begin reading...
You add the spell Sting to your library.
There is an escape hatch in the floor here.
Items here: )) [[ †.
You start resting.
HP restored.
You start waiting.
Done waiting.
You start waiting.
Done waiting.
You slide downwards.
The hatch slams shut behind you.
Found 12 gold pieces.
Found a stone staircase leading down.
A scorpion comes into view.
The black bear growls angrily.
The killer bee zombie completely misses you.
You hit the black bear. You grab the black bear.
The black bear is lightly wounded.
You constrict the black bear, but do no damage.
The killer bee zombie completely misses you.
The killer bee zombie misses you. The black bear closely misses you.
The black bear barely misses you. The black bear misses you.
You hit the black bear but do no damage.
The black bear is lightly wounded.
You constrict the black bear, but do no damage.
The killer bee zombie misses you.
The killer bee zombie barely misses you.
The black bear bites you. The black bear claws you.
The black bear barely misses you.
You release your grip on the black bear.
The killer bee zombie hits you! The killer bee zombie hits you.
A giant cockroach comes into view.
The killer bee zombie hits you. The killer bee zombie hits you!
* * * LOW HITPOINT WARNING * * *
The killer bee zombie hits you.
You die...

##.............##
s##................
.................# .
#................##..
................B...
#....#.............
#....>.$..........
#......h.Z@...#
#....####.........
#....# #...###...
#.....# ###... .
#.....# #..# ...#####
.... .... ###.. ##.
.. .


You could see a black bear, a killer bee zombie and a giant cockroach (asleep).

Vanquished Creatures
  3 orc wizards (D:3)
  An adder (D:3)
  A worm (D:3)
  3 dart slugs
  6 orcs (D:3)
  2 ball pythons (D:2)
  4 endoplasms
  3 giant cockroaches
  5 goblins
  5 hobgoblins
  2 jackals (D:2)
  6 quokkas
  5 bats
  A frilled lizard (D:3)
  6 kobolds
  5 rats
58 creatures vanquished.

Notes
Turn   | Place    | Note
-------+----------+-------------------------------------------
     0 | D:1      | acemry the Octopode Transmuter began the quest for the Orb.
     0 | D:1      | Reached XP level 1. HP: 13/13 MP: 3/3
    31 | D:1      | Reached skill level 1 in Stealth
   487 | D:1      | Reached XP level 2. HP: 18/18 MP: 3/5
   513 | D:1      | Reached skill level 2 in Stealth
   941 | D:2      | Reached XP level 3. HP: 23/23 MP: 4/6
   952 | D:2      | Reached skill level 3 in Stealth
  1537 | D:2      | Found Neajuavuomp's Weapon Shop.
  1853 | D:3      | Reached skill level 4 in Stealth
  1853 | D:3      | Reached XP level 4. HP: 26/28 MP: 5/7
  1891 | D:3      | Found a shimmering blue altar of Sif Muna.
  2735 | D:3      | Reached skill level 5 in Stealth
  2735 | D:3      | Reached XP level 5. HP: 33/33 MP: 8/8
  2742 | D:3      | Got Sif Muna's Grimoire of Intoxication
  3029 | D:4      | Noticed a black bear
  3038 | D:4      | Slain by a killer bee zombie

Illustrated notes

Levels and vault maps discovered:
D:1:      elethiomel_arrival_shortcut, layout_rooms, bh_walls_and_bars
D:2:      layout_rooms, serial_shops, shop
D:3:      layout_basic, led_sif_book
D:4:      layout_rooms, gammafunk_temple_overflow_claw,
          corexii_item_surrounded_by_moat, minmay_ogre_servants

Skill      XL: |  1  2  3  4 |
---------------+-------------+-----
Stealth        | 1 2 4 5 |  5.6
Transmutations | 3 |  3.6
Fighting       | |  1.0
Dodging        | |  2.0
Unarmed Combat | |  3.0
Spellcasting   | |  2.0

Action                   |  1- 3 |  4- 6 || total
-------------------------+-------+-------++-------
Melee: Unarmed           |    71 |       ||    71
       Constrict         |    28 |     7 ||    35
       Kick              |    25 |     7 ||    32
       Tentacles         |    16 |     5 ||    21
       Punch             |     1 |     2 ||     3
       Short sword       |     3 |     9 ||    12
       Dagger            |       |    34 ||    34
 Cast: Beastly Appendage |    30 |    18 ||    48
Evoke: Wand              |       |     2 ||     2
  Use: Scroll            |       |     4 ||     4
 Stab: Sleeping          |     9 |     4 ||    13
Armor: Skin              |     3 |     3 ||     6
Dodge: Dodged            |    44 |    25 ||    69
